 Dungeon Crawl Stone Soup version 0.29-a0-72-g1732ff48e7 (webtiles) character file.

Game seed: 14463305962456389820

114 IdlyInterested the Cudgeller (level 4, 0/38 HPs)
             Began as a Draconian Fighter on Feb 4, 2022.
             Slain by an ogre (23 damage)
             ... on level 4 of the Dungeon.
             The game lasted 00:09:30 (3036 turns).

IdlyInterested the Cudgeller (Draconian Fighter)    Turns: 3036, Time: 00:09:31

Health: 0/38       AC:  9    Str: 16    XL:     4   Next: 66%
Magic:  4/4        EV: 11    Int:  9    God:
Gold:   136        SH:  4    Dex:  8    Spells: 3/3 levels left

rFire   + . .      SeeInvis .   k - +0 morningstar
rCold   . . .      Faith    .   b - +0 buckler
rNeg    . . .      Spirit   .   (armour unavailable)
rPois   .          Reflect  .   (helmet restricted)
rElec   .          Harm     .   h - +1 cloak
rCorr   .          Rampage  .   (no gloves)
Will    .....                   j - +1 pair of boots
Stlth   ++........              (no amulet)
HPRegen 0.12/turn               m - ring of protection from fire
MPRegen 0.09/turn               n - ring of wizardry

@: no status effects
A: AC +5, unfitting armour, cold-blooded, clumsy 1, dopey 1, weak 1, wild magic
1
a: no special abilities


You were on level 4 of the Dungeon.
You visited 1 branch of the dungeon, and saw 4 of its levels.

You collected 136 gold pieces.

Inventory:

Hand Weapons
 a - a +0 flail
 k - a +0 morningstar (weapon)
Missiles
 d - 42 stones (quivered)
 f - 5 javelins
Armour
 b - a +0 buckler (worn)
 h - a +1 cloak (worn)
 j - a +1 pair of boots (worn)
Magical Staves
 g - a staff of conjuration
Jewellery
 m - a ring of protection from fire (left hand)
 n - a ring of wizardry (right hand)
 p - a ring of fire
Scrolls
 i - 2 scrolls of teleportation
Potions
 c - a potion of might
 e - a potion of curing


   Skills:
 - Level 3.4 Fighting
 + Level 3.9 Maces & Flails
 * Level 0.3 Throwing
 - Level 3.0 Dodging
 + Level 2.0 Stealth
 + Level 3.0 Shields


You had 3 spell levels left.
You didn't know any spells.
Your spell library contained the following spells:

 Spells                   Type           Power      Damage    Failure   Level
 Slow                     Hex            0%         N/A       26%         1
 Confusing Touch          Hex            0%         N/A       58%         3
 Vampiric Draining        Necr           0%         2d6       58%         3


Dungeon Overview and Level Annotations

Branches:
Dungeon (4/15)
 Temple: D:4-7

Altars:
Cheibriados
Kikubaaqudgha


Innate Abilities, Weirdness & Mutations

Your plain brown scales are hard. (AC +5)
You cannot fit into any form of body armour.
You are cold-blooded and may be slowed by cold attacks.
You are clumsy. (Dex -2)
You are dopey. (Int -2)
You are weak. (Str -2)
Your spells are a little harder to cast, but a little more powerful.


Message History

You see here 23 sling bullets.
You see here a quokka skeleton.
There is a stone staircase leading up here.
You see here 23 sling bullets.
Done exploring.
Done exploring.
Okay, then.
It was a potion of cancellation.
You feel magically purged.
You see here a +0 hand axe.
There is a stone staircase leading down here.
You climb downwards.
Found a stone staircase leading down and a stone staircase leading up.
There is a stone staircase leading up here.
You climb upwards.
There is a stone staircase leading down here.
There is a stone staircase leading up here.
You see here a +0 flail.
You see here a +1 dagger of venom.
There is a stone staircase leading down here.
You climb downwards.
There is a stone staircase leading up here.
An ogre comes into view. It is wielding a +0 giant club.
Found a short sword.
Found an ancient bone altar of Kikubaaqudgha.
Miasma emanates from the human's flesh.
The human is engulfed in dark miasma.
The human is poisoned.
You see here a +0 short sword.
The human is engulfed in dark miasma.
The human looks even sicker.
The human dies!
The human rises from the dead!
There is an ancient bone altar of Kikubaaqudgha here.
The helpless ogre fails to defend itself.
You hit the ogre.
The ogre is lightly wounded.
The ogre hits you with a +0 giant club!
You sock the ogre!
The ogre is moderately wounded.
The ogre hits you with a +0 giant club!!
Ouch! That really hurt!
You die...

##...... . .
..... .. .
.... ...#.
..# ....##.#
.......######
#.......#
#...#)..#
###.#.@.#
#.#..O#
#<#####
#.##Z##
####### #####


You could see an ogre and a human zombie.

Vanquished Creatures
  6 adders
  A worm (D:3)
  A dart slug (D:1)
  2 orcs (D:3)
  7 endoplasms
  2 giant cockroaches
  7 goblins
  2 hobgoblins (D:2)
  7 jackals (D:3)
  2 kobolds (D:1)
  4 quokkas
  4 ball pythons
  A bat (D:3)
  5 rats
  A spectral kobold (D:1)
52 creatures vanquished.

Vanquished Creatures (others)
  A human (D:4)
1 creature vanquished.

Grand Total: 53 creatures vanquished

Notes
Turn   | Place    | Note
-------+----------+-------------------------------------------
     0 | D:1      | IdlyInterested the Draconian Fighter began the quest for
                  | the Orb.
     0 | D:1      | Reached XP level 1. HP: 19/19 MP: 1/1
   317 | D:1      | Reached XP level 2. HP: 23/26 MP: 2/2
   456 | D:1      | Found a faded altar of an unknown god.
   842 | D:1      | Reached skill level 1 in Stealth
  1096 | D:2      | Reached XP level 3. HP: 31/31 MP: 3/3
  1712 | D:2      | Gained mutation: You are weak. (Str -2) [potion of
                  | mutation]
  1712 | D:2      | Gained mutation: You are clumsy. (Dex -2) [potion of
                  | mutation]
  1712 | D:2      | Gained mutation: You are dopey. (Int -2) [potion of
                  | mutation]
  1712 | D:2      | Gained mutation: Your spells are a little harder to cast,
                  | but a little more powerful. [potion of mutation]
  1766 | D:3      | Reached XP level 4. HP: 38/38 MP: 4/4
  2459 | D:3      | Found a snail-covered altar of Cheibriados.
  2919 | D:4      | Noticed a bullfrog
  3031 | D:4      | Found an ancient bone altar of Kikubaaqudgha.
  3031 | D:4      | Noticed an ogre
  3032 | D:4      | Noticed a human
  3034 | D:4      | Killed a human
  3036 | D:4      | Slain by an ogre

Illustrated notes

Levels and vault maps discovered:
D:1:      tarquinn_simple_flora_water_b, layout_loops_ring,
          dreamdust_ecumenical_altar_drowned_temple
D:2:      layout_loops_ring, kennysheep_cluttered_room
D:3:      layout_basic, old_standard_altar
D:4:      wander_river, layout_rooms, tgw_kikubaaqudgha, minivault_26,
          grunt_ministairs_7, nicolae_shop_fire_sale [nicolae_sub_dead_trees],
          kennysheep_generic_room_4

Skill      XL: |  1  2  3  4 |
---------------+-------------+-----
Dodging        | 3 |  3.0
Stealth        | 1 2 |  2.0
Maces & Flails | 3 |  3.9
Fighting       | |  3.4
Throwing       | |  0.3
Shields        | |  3.0

Action                   |  1- 3 |  4- 6 || total
-------------------------+-------+-------++-------
Melee: Flail             |    91 |    60 ||   151
       Tailslap          |     7 |     8 ||    15
       Morningstar       |       |    28 ||    28
Throw: Stone             |       |    10 ||    10
  Use: Potion            |     6 |     1 ||     7
       Scroll            |     3 |       ||     3
 Stab: Sleeping          |     1 |     3 ||     4
Armor: Skin              |    26 |    39 ||    65
Dodge: Dodged            |    47 |    63 ||   110
Block: Buckler           |    19 |    20 ||    39

Table legend: (Time is in decaauts)
 A = Elapsed time spent in this place.
 B = Non-inter-level travel time spent in this place.
 C = Inter-level travel time spent in this place.
 D = Time resting spent in this place.
 E = Time spent auto-exploring this place.
 F = Levels seen in this place.
 G = Mean time per level.
                   A        B        C        D        E       F      G
               +--------+--------+--------+--------+--------+-----+--------+
         Total |   3097 |   2923 |    174 |    781 |   1575 |   4 |  774.2 |
       Dungeon |   3097 |   2923 |    174 |    781 |   1575 |   4 |  774.2 |
               +--------+--------+--------+--------+--------+-----+--------+

Top non-repeatable levels by time:
     D:3: 1292 daAuts
     D:1: 912 daAuts
     D:2: 879 daAuts
     D:4: 12 daAuts
